 Dungeon Crawl Stone Soup version 0.30.1-3-gfc49f6343a (webtiles) character file.

Game seed: 1302926319933133047

248 Zeor the Slasher (level 5, 0/39 HPs)
             Began as a Demonspawn Gladiator on Aug 6, 2023.
             Was an Initiate of Makhleb.
             Succumbed to a scorpion's poison
             ... on level 4 of the Dungeon.
             The game lasted 00:12:20 (2838 turns).

Zeor the Slasher (Demonspawn Gladiator)             Turns: 2838, Time: 00:12:21

Health: 0/39       AC:  7    Str: 15    XL:     5   Next: 86%
Magic:  5/5        EV: 12    Int:  9    God:    Makhleb [......]
Gold:   120        SH:  0    Dex: 16    Spells: 4/4 levels left

rFire   + + .        s - +7 whip of Calamity {flame, rF++}
rCold   . . .        (no shield)
rNeg    . . .        b - +0 leather armour
rPois   .            c - +0 helmet
rElec   .            (no cloak)
rCorr   .            r - +0 pair of gloves
SInv    .            (no boots)
Will    +....        (no amulet)
Stlth   ++           m - ring of flight
HPRegen 0.26/turn    u - ring of willpower
MPRegen 0.09/turn

%: no passive effects
@: mighty, lethally poisoned (0 -> -5), flying
A: yellow scales 1, demonic touch 1
a: Renounce Religion


You were on level 4 of the Dungeon.
You worshipped Makhleb.
Makhleb was noncommittal.
You visited 2 branches of the dungeon, and saw 5 of its levels.

You collected 120 gold pieces.

Inventory:

Hand Weapons
 a - a +0 long sword
 g - a +1 dagger of electrocution
 l - a +0 long sword
 s - the +7 whip of Calamity (weapon) {flame, rF++}
   (You found it on level 3 of the Dungeon)

   rF:        It greatly protects you from fire.
 v - a +2 morningstar of flaming
Missiles
 d - 3 throwing nets (quivered)
 e - a javelin
 f - 13 poisoned darts
Armour
 b - a +0 leather armour (worn)
 c - a +0 helmet (worn)
 r - a +0 pair of gloves (worn)
Jewellery
 m - a ring of flight (left hand)
 o - a +6 ring of strength
 t - a ring of fire
 u - a ring of willpower (right hand)
Scrolls
 n - a scroll of immolation
 q - 2 scrolls of blinking
Potions
 h - 2 potions of haste
 i - 2 potions of lignification
 j - a potion of ambrosia
 k - 3 potions of might
 w - a potion of brilliance {unknown}
 x - a potion of experience {unknown}


   Skills:
 + Level 2.5 Fighting
 + Level 4.5 Long Blades
 + Level 1.5 Maces & Flails
 + Level 1.9 Throwing
 + Level 1.7 Armour
 + Level 3.1 Dodging
 + Level 1.0 Stealth
 * Level 1.0 Invocations


You had 4 spell levels left.
You didn't know any spells.
Your spell library contained the following spells:

 Spells                   Type           Power      Damage    Failure   Level
 Summon Lightning Spire   Summ/Air       0%         N/A       99%         4
 Storm Form               Tmut/Air       0%         N/A       100%        7
 Maxwell's Capacitive Co  Air            0%         ∞         100%        8


Dungeon Overview and Level Annotations

Branches:
Dungeon (4/15)             Temple (1/1) D:4

Altars:
Dithmenos
Gozag
Makhleb
Okawaru
Qazlal
Ru
Uskayaw
Vehumet
Wu Jian
Lugonu

Shops:
D:3 :

Annotations:
D:3 exclusion: statue


Innate Abilities, Weirdness & Mutations

You are partially covered in yellow scales. (AC +2)
Your touch may inflict minor irresistible damage on your foes.


Message History

You hear the slow rusting of a drain nearby.
The scorpion closely misses you.
There is a staircase to the Ecumenical Temple here.
You hit the scorpion. You burn the scorpion. Your touch misses the scorpion.
The scorpion is lightly wounded.
The iguana hisses menacingly.
The scorpion stings you.
You are poisoned.
The scorpion poisons you!
You barely miss the scorpion. Your touch misses the scorpion.
The scorpion is lightly wounded.
You feel sick. The hound bites you but does no damage.
The scorpion barely misses you. The iguana barely misses you.
The hound bites you but does no damage.
The scorpion stings you but does no damage.
The iguana closely misses you.
You feel very mighty all of a sudden.
You feel sick. The hound closely misses you. The scorpion stings you.
You are more poisoned.
The scorpion poisons you! The hound bites you. The iguana bites you.
You hit the scorpion. You burn the scorpion. Your touch misses the scorpion.
The scorpion is moderately wounded.
You feel very sick. The hound barely misses you. The scorpion stings you.
The iguana bites you but does no damage.
You whack the scorpion! You burn the scorpion.
The scorpion is almost dead.
You feel very sick. The hound bites you but does no damage.
The scorpion barely misses you. The hound bites you but does no damage.
The iguana closely misses you.
You hit the scorpion. You burn the scorpion.
You kill the scorpion!
Makhleb accepts your kill.
You feel sick. The hound bites you but does no damage. The iguana bites you!
* * * LOW HITPOINT WARNING * * *
Your Stealth skill increases to level 1!
Your Invocations skill increases to level 1!
It was a potion of flight.
You feel more buoyant.
You die...

▒∙∙∙∙∙∙▒∙∙∙∙∙∙∙∙∙∙▒▒▒▒
▒<∙∙∙∙∙▒▒▒∙∙▒▒▒▒▒∙∙∙∙∙∙
▒∙∙∙∙∙∙▒ ▒▒∙▒▒ ▒▒▒▒▒
▒▒▒▒▒∙∙▒▒ ▒∙∙▒▒
▒∙∙∙▒▒▒▒∙∙▒
▒∙∙∙∙∙∙∙▒∙∙∙
▒∙8∙8∙8∙▒∙▒▒▒
∙∙▒▒∙∙⌠∙⌠∙∙▒∙▒
∙∙∙∙∙8l6∙8∙▒
∙∙∙∙∙∙∙h∙⌠∙∙∙∙▒
∙∙∙▒∙∙8∙8∙8∙▒▒▒
▒▒▒▒∙∙∙∙∙∙∙∙▒
▒∙∙∙∙∙∙∙▒▒ ▒∙∙∙∙∙∙∙▒
▒>∙∙∙∙∙∙▒ ▒∙∙∙∙∙∙∙∙


You could see an iguana and a hound.

Vanquished Creatures
  A scorpion (D:4)
  An orc wizard (D:3)
  2 gnolls
  5 adders
  2 river rats (D:4)
  A worm (D:3)
  A dart slug (D:2)
  5 orcs (D:3)
  8 endoplasms
  2 giant cockroaches (D:1)
  8 goblins
  7 hobgoblins
  2 jackals (D:2)
  3 quokkas (D:2)
  5 ball pythons
  4 bats
  2 frilled lizards
  5 kobolds
  10 rats
74 creatures vanquished.

Notes
Turn   | Place    | Note
-------+----------+-------------------------------------------
     0 | D:1      | Zeor the Demonspawn Gladiator began the quest for the Orb.
     0 | D:1      | Reached XP level 1. HP: 16/16 MP: 1/1
   148 | D:1      | Reached skill level 3 in Long Blades
   283 | D:1      | Gained mutation: Your touch may inflict minor irresistible
                  | damage on your foes. [demonic ancestry]
   283 | D:1      | Reached XP level 2. HP: 22/22 MP: 2/2
   945 | D:2      | Gained mutation: You are partially covered in yellow
                  | scales. (AC +2) [demonic ancestry]
   945 | D:2      | Reached XP level 3. HP: 26/27 MP: 3/3
  1330 | D:2      | Reached skill level 4 in Long Blades
  1330 | D:2      | Reached XP level 4. HP: 25/33 MP: 4/4
  1782 | D:3      | Identified the +7 whip of Calamity {flame, rF++}
  1906 | D:3      | Reached skill level 1 in Armour
  1967 | D:3      | Found a radiant altar of Vehumet.
  1967 | D:3      | Noticed a frost-covered statue
  2002 | D:3      | Found an opulent altar of Gozag.
  2019 | D:3      | Found Qineg's Book Boutique.
  2151 | D:3      | Reached XP level 5. HP: 38/38 MP: 5/5
  2335 | D:3      | Reached skill level 1 in Maces & Flails
  2735 | D:4      | Found a staircase to the Ecumenical Temple.
  2744 | Temple   | Entered the Ecumenical Temple
  2817 | Temple   | Became a worshipper of Makhleb the Destroyer
  2837 | D:4      | HP: 1/39 [iguana (11)]
  2838 | D:4      | Reached skill level 1 in Stealth
  2838 | D:4      | Reached skill level 1 in Invocations
  2838 | D:4      | Succumbed to a scorpion's poison

Illustrated notes

Levels and vault maps discovered:
D:1:      dpeg_arrival_oval, layout_loops_ring
D:2:      layout_basic, cheibrodos_gnoll_hut
D:3:      layout_basic, vehumet_statue, grunt_gozag_statues, serial_shops,
          nicolae_shop_peninsula, dk_vineyard_1, nrook_loot_triangle,
          minmay_circle_x
D:4:      layout_rooms, amcnicky_altar_gilded,
          minmay_temple_entry_statues_fountains, lightli_sewer_entry_pipes,
          uniq_menkaure
Temple:   corrupted_temple

Skill      XL: |  1  2  3  4  5 |
---------------+----------------+-----
Long Blades    | 3 4 |  4.5
Armour         | 1 |  1.7
Dodging        | 3 |  3.1
Maces & Flails | 1 |  1.5
Stealth        | 1 |  1.0
Invocations    | 1 |  1.0
Fighting       | |  2.5
Throwing       | |  1.9

Action                     |  1- 3 |  4- 6 || total
---------------------------+-------+-------++-------
  Melee: Long sword        |   105 |     5 ||   110
         Touch             |     9 |     2 ||    11
         Whip              |       |    50 ||    50
    Use: Scroll            |     6 |     3 ||     9
         Potion            |       |     2 ||     2
   Stab: Sleeping          |     3 |       ||     3
 Armour: Leather armour    |    41 |    17 ||    58
  Dodge: Dodged            |    58 |    29 ||    87
